 Dungeon Crawl Stone Soup version 0.29.1-2-gbd0b4ee654 (webtiles) character file.

Game seed: 4697994931896332206

3735 wangtao the Cleaver (level 9, -29/81 HPs)
             Began as a Minotaur Fighter on Nov 26, 2022.
             Killed from afar by a lindwurm (34 damage)
             ... with a blast of flame
             ... on level 8 of the Dungeon on Nov 27, 2022.
             The game lasted 00:14:11 (8282 turns).

wangtao the Cleaver (Minotaur Fighter)              Turns: 8282, Time: 00:14:11

Health: -29/81     AC: 11    Str: 32    XL:     9   Next: 93%
Magic:  8/8        EV:  9    Int:  5    God:
Gold:   1104       SH: 12    Dex:  9    Spells: 8/8 levels left

rFire   . . .      SeeInvis .   C - +1 broad axe (vorpal)
rCold   . . .      Faith    .   B - +3 kite shield {AC+3}
rNeg    . . .      Spirit   .   b - +0 scale mail
rPois   .          Reflect  .   (helmet restricted)
rElec   .          Harm     .   (no cloak)
rCorr   .          Rampage  .   (no gloves)
Will    .....                   (no boots)
Stlth   ..........              (no amulet)
HPRegen 0.23/turn               m - ring of flight
MPRegen 0.11/turn               w - +6 ring of strength

@: flying
A: horns 2, retaliatory headbutt
a: no special abilities


You were on level 8 of the Dungeon.
You visited 1 branch of the dungeon, and saw 8 of its levels.
You also visited: Ossuary.

You collected 1104 gold pieces.

Inventory:

Hand Weapons
 a - a +0 war axe
 q - the +2 dagger of Prescription {distort, rElec}
   (You found it on level 3 of the Dungeon)

   It warps and distorts space around it, and may blink, banish, or inflict
   extra damage upon those it strikes.
   Unwielding it can cause banishment or high damage.
   rElec:     It insulates you from electricity.
 A - a +0 giant club
 C - a +1 vorpal broad axe (weapon)
 E - a +4 scimitar of freezing
 F - a +1 long sword
Missiles
 n - a throwing net (quivered)
Armour
 b - a +0 scale mail (worn)
 c - a +0 buckler
 t - an orb of guile
 B - a +3 kite shield of protection (worn)
Jewellery
 m - a ring of flight (left hand)
 p - a ring of protection from fire
 w - a +6 ring of strength (right hand)
Wands
 z - a wand of quicksilver (5)
 D - a wand of roots (8)
Scrolls
 f - a scroll of enchant weapon {unknown}
 i - a scroll of torment
 o - a scroll of amnesia
 u - a scroll of immolation {unknown}
 x - 9 scrolls of identify
 y - 2 scrolls of fog {unknown}
 G - a scroll of vulnerability {unknown}
Potions
 d - 3 potions of might
 e - 4 potions of curing
 g - 3 potions of attraction {unknown}
 h - 3 potions of brilliance {unknown}
 j - 2 potions of resistance {unknown}
 k - 3 potions of lignification
 l - 3 potions of heal wounds
 r - 2 potions of haste {unknown}
 s - 2 potions of cancellation {unknown}
 H - a potion of mutation {unknown}
 I - a potion of berserk rage {unknown}


   Skills:
 + Level 8.0 Fighting
 + Level 12.0 Axes
 + Level 8.0 Armour
 + Level 3.3 Dodging
 + Level 1.3 Stealth
 + Level 6.7 Shields


You had 8 spell levels left.
You didn't know any spells.
Your spell library contained the following spells:

 Spells                   Type           Power      Damage    Failure   Level
 Summon Small Mammal      Summ           0%         N/A       95%         1
 Call Canine Familiar     Summ           0%         N/A       100%        3
 Summon Guardian Golem    Hex/Summ       0%         N/A       100%        3
 Fireball                 Conj/Fire      0%         3d3       100%        5
 Iskenderun's Battlesphe  Conj           0%         2d6       100%        5
 Conjure Ball Lightning   Conj/Air       0%         3x3d6     100%        6
 Orb of Destruction       Conj           0%         9d5       100%        7


Dungeon Overview and Level Annotations

Branches:
Dungeon (8/15)             Temple (0/1) D:5         Ossuary (visited)
   Lair: D:8-11

Altars:
Fedhas
Hepliaklqana
Kikubaaqudgha
Okawaru
Ru
The Shining One


Innate Abilities, Weirdness & Mutations

You have a pair of horns on your head.
You reflexively headbutt those who attack you in melee.


Message History

The lindwurm claws you but does no damage.
The lindwurm barely misses you.
You hit the lindwurm but do no damage. Your headbutt misses the lindwurm.
You barely miss the lindwurm.
A lindwurm comes into view.
The lindwurm bites you! You block the lindwurm's attack.
The lindwurm claws you.
The lindwurm roars!
The lindwurm bites you.
The lindwurm claws you but does no damage. x2
The lindwurm bites you. You block the lindwurm's attack.
The lindwurm claws you! The lindwurm breathes flames at you.
The blast of flame hits you!
* * * LOW HITPOINT WARNING * * *
As you read the scroll of fear, it crumbles to dust.
You assume a fearsome visage.
The lindwurm looks frightened! x2
The lindwurm resists with some effort.
The lindwurm looks frightened!
The lindwurm breathes flames at you. The blast of flame misses you.
You feel better. The lindwurm breathes flames at you.
The blast of flame hits you!
* * * LOW HITPOINT WARNING * * *
You hit the lindwurm. You headbutt the lindwurm.
The lindwurm is moderately wounded.
The lindwurm bites you.
* * * LOW HITPOINT WARNING * * *
The lindwurm claws you.
* * * LOW HITPOINT WARNING * * *
You block the lindwurm's attack.
You hit the lindwurm.
The lindwurm is moderately wounded.
The lindwurm bites you but does no damage.
You block the lindwurm's attack. x2
You slash the lindwurm!
The lindwurm is severely wounded.
The lindwurm breathes flames at you. The blast of flame hits you!!
You die...

##.....#.#.####.....##.
..........#.##.......##.
...............#.....##.
.....................#..
........§≈...........#.#
.....≈≈§≈≈≈≈≈........###
...§§§§≈≈≈≈≈≈≈≈......#
..≈§§≈§≈≈≈≈§≈≈≈≈.....#
.≈≈≈§§§@≈≈≈≈§§§≈≈§...#
.≈≈§§§≈.k..§≈§≈§§....#
≈≈≈≈≈...##..§≈§§§§..##
≈≈≈≈≈..####..≈§≈≈≈..#
≈≈≈≈..# .#..≈≈≈≈.§.#
≈≈≈≈.# "$##k≈≈§≈§..#
≈§≈≈. =[$ #.≈§§§≈...
≈≈≈≈k .}k ..≈≈≈≈... ≈§§


You could see 3 lindwurms.

Vanquished Creatures
  Pikel (D:7)
  A hornet (D:7)
  A steam dragon (D:8)
  Menkaure (D:7)
  An orc warrior (D:8)
  3 sky beasts
  2 black bears
  An ogre (D:4)
  2 centaurs
  An elf zombie (Ossuary)
  A kobold brigand (D:8)
  A bullfrog (D:8)
  2 necrophages (D:4)
  A scorpion (D:5)
  8 wights (D:7)
  6 killer bees (D:8)
  2 howler monkeys
  2 human zombies (Ossuary)
  2 hounds
  6 orc priests
  A jelly (D:5)
  Ijyb (D:4)
  4 iguanas
  5 orc wizards
  4 mummies (Ossuary)
  9 adders
  7 gnolls
  A shadow imp (D:6)
  A white imp (D:6)
  An ufetubus (D:5)
  3 worms
  3 dart slugs
  14 orcs
  7 ball pythons
  4 bats
  5 endoplasms
  3 giant cockroaches
  A gnoll zombie (Ossuary)
  6 goblins
  7 hobgoblins
  2 jackals (D:4)
  3 quokkas
  2 frilled lizards
  A hobgoblin zombie (Ossuary)
  A jackal zombie (Ossuary)
  7 kobolds
  A kobold zombie (Ossuary)
  4 orc zombies (Ossuary)
  4 rats
  A rat zombie (Ossuary)
  3 bushes (D:5)
161 creatures vanquished.

Vanquished Creatures (others)
  3 plants (D:5)
3 creatures vanquished.

Grand Total: 164 creatures vanquished

Notes
Turn   | Place    | Note
-------+----------+-------------------------------------------
     0 | D:1      | wangtao the Minotaur Fighter began the quest for the Orb.
     0 | D:1      | Reached XP level 1. HP: 19/19 MP: 0/0
   255 | D:1      | Reached XP level 2. HP: 27/27 MP: 1/1
   999 | D:1      | Reached skill level 3 in Axes
  1122 | D:2      | Reached XP level 3. HP: 30/33 MP: 2/2
  1225 | D:2      | Reached XP level 4. HP: 36/40 MP: 3/3
  1492 | D:2      | Reached skill level 4 in Axes
  1950 | D:3      | Identified the +2 dagger of Prescription {distort, rElec}
  2185 | D:3      | Found a faded altar of an unknown god.
  2225 | D:3      | Found a sacrificial altar of Ru.
  2477 | D:4      | Noticed a necrophage
  2483 | D:4      | Killed a necrophage
  2484 | D:4      | Reached skill level 1 in Dodging
  2484 | D:4      | Reached XP level 5. HP: 40/47 MP: 4/4
  2631 | D:4      | Reached skill level 5 in Axes
  2748 | D:4      | Found a blossoming altar of Fedhas.
  3005 | D:4      | Reached XP level 6. HP: 55/55 MP: 5/5
  3012 | D:4      | Noticed Ijyb
  3019 | D:4      | Killed Ijyb
  3020 | D:4      | Reached skill level 5 in Fighting
  3347 | D:4      | Found a hazy altar of Hepliaklqana.
  3445 | D:4      | Reached skill level 6 in Axes
  3445 | D:4      | Reached skill level 5 in Armour
  3452 | D:4      | Identified 3 scrolls of acquirement
  3452 | D:4      | Acquired a +2 kite shield of protection
  3464 | D:4      | Acquired a +1 vorpal broad axe
  3467 | D:4      | Acquired 580 gold pieces
  4057 | D:5      | Entered Level 5 of the Dungeon
  4419 | D:5      | Reached XP level 7. HP: 53/61 MP: 6/6
  4489 | D:5      | Reached skill level 7 in Axes
  4876 | D:5      | Found a staircase to the Ecumenical Temple.
  4952 | D:5      | Reached skill level 5 in Shields
  5288 | D:6      | Reached skill level 8 in Axes
  5288 | D:6      | Reached XP level 8. HP: 68/70 MP: 7/7
  5375 | D:6      | Reached skill level 1 in Stealth
  5414 | D:6      | Found an ancient bone altar of Kikubaaqudgha.
  5581 | D:6      | Found a sand-covered staircase.
  5588 | Ossuary  | Entered an ossuary
  5922 | D:6      | Found a glowing golden altar of the Shining One.
  6075 | D:6      | Reached skill level 9 in Axes
  6417 | D:7      | Reached skill level 10 in Axes
  6581 | D:7      | Noticed a hornet
  6586 | D:7      | Killed a hornet
  6587 | D:7      | Reached XP level 9. HP: 66/79 MP: 8/8
  7107 | D:7      | Noticed Pikel
  7115 | D:7      | Killed Pikel
  7116 | D:7      | Reached skill level 11 in Axes
  7211 | D:7      | Noticed Menkaure
  7215 | D:7      | Killed Menkaure
  7674 | D:8      | Found an iron altar of Okawaru.
  8051 | D:8      | Reached skill level 12 in Axes
  8263 | D:8      | Noticed a lindwurm
  8263 | D:8      | Noticed a lindwurm
  8263 | D:8      | Noticed a lindwurm
  8274 | D:8      | Noticed a lindwurm
  8282 | D:8      | Killed from afar by a lindwurm

Illustrated notes

Levels and vault maps discovered:
D:1:      dpeg_arrival_brainrot, layout_loops_corners
D:2:      layout_loops_cross
D:3:      kennysheep_big_flooded_room, layout_rooms,
          mainiacjoe_overflow_24_doors, serial_corexii_hall,
          chequers_hall_statues_y, corexii_hall_statues_s,
          dilly_ecumenical_altar_fadedgnrine
D:4:      layout_gridville, nzn_hepliaklqana_mist_gate,
          mainiacjoe_overflow_alcove_2, grunt_ministairs_12,
          chequers_serial_rivers_room_a, uniq_ijyb
D:5:      layout_basic, minmay_temple_entry_overgrown, serial_curves,
          eino_curves_01, eino_curves_01, chequers_serial_rivers_micro_b,
          minmay_circle_x
D:6:      wad_pebble_path, layout_basic, overflow_temple_1_default,
          tso_metal_star, chequers_ossuary_entry_cave
D:7:      layout_loops_cross, chequers_avenue, uniq_pikel, uniq_menkaure
D:8:      layout_rooms, okawaru_metal_pillars_1_2, serial_bayou_pond_a,
          chequers_serial_rivers_micro_c, minmay_lindwurm_lava

Skill      XL: |  1  2  3  4  5  6  7  8  9 |
---------------+----------------------------+-----
Shields        | 4 5 6 |  6.7
Axes           | 3 4 5 6 8 10 12 | 12.0
Fighting       | 4 5 6 7 8 |  8.0
Armour         | 4 5 6 8 |  8.0
Dodging        | 1 2 3 |  3.3
Stealth        | 1 |  1.3

Action                   |  1- 3 |  4- 6 |  7- 9 || total
-------------------------+-------+-------+-------++-------
Melee: War axe           |    58 |    96 |       ||   154
       Headbutt          |    10 |    12 |    37 ||    59
       Broad axe         |       |    15 |   192 ||   207
  Use: Scroll            |       |    13 |     2 ||    15
       Potion            |       |       |     5 ||     5
Armor: Scale mail        |    17 |    48 |   112 ||   177
Dodge: Dodged            |    32 |    55 |    77 ||   164
Block: Buckler           |    12 |    26 |       ||    38
       Kite shield       |       |    10 |   124 ||   134
